 Dungeon Crawl Stone Soup version 0.31-a0-1227-g0136665373 (webtiles) character file.

Game seed: 17053581747729060651

29 LeprechaunX the Changeling (level 3, -1/23 HPs)
             Began as an Octopode Shapeshifter on Dec 14, 2023.
             Succumbed to an adder's poison
             ... on level 2 of the Dungeon.
             The game lasted 00:00:39 (821 turns).

LeprechaunX the Changeling (Octopode Shapeshifter)   Turns: 821, Time: 00:00:39

Health: -1/23      AC:  1    Str: 13    XL:     3   Next: 16%
Magic:  3/3        EV: 13    Int: 12    God:
Gold:   76         SH:  0    Dex: 13    Spells: 2/2 levels left

rFire   . .          .
                       - Unarmed
rCold   . . .        (no shield)
rNeg    . . .        (helmet currently unavailable)
rPois   .            (no amulet)
rElec   .            (no ring)
rCorr   .            (no ring)
SInv    .            (no ring)
Will    .....        (no ring)
Stlth   ++           (no ring)
HPRegen 0.23/turn    (no ring)
MPRegen 0.08/turn    (no ring)
                     (no ring)

%: no passive effects
@: lethally poisoned (-1 -> -16), beast-form
A: beast (slay +1), almost no armour, amphibious, 8 rings, camouflage 1,
gelatinous body 1, (nimble swimmer 1), tentacles
a: Begin Untransformation


You were on level 2 of the Dungeon.
You were a hulking beast.
You visited 1 branch of the dungeon, and saw 2 of its levels.

You collected 76 gold pieces.

Inventory:

Talismans
 b - a beast talisman
 c - a flux talisman
Scrolls
 d - a scroll of silence {unknown}
 g - a scroll of teleportation {unknown}
 h - a scroll of poison {unknown}
Potions
 a - a potion of lignification
 e - a potion of curing {unknown}
 f - a potion of haste {unknown}
 i - a potion of berserk rage {unknown}


   Skills:
 + Level 1.5 Fighting
 + Level 2.3 Dodging
 + Level 3.2 Unarmed Combat
 * Level 3.4 Shapeshifting


You had 2 spell levels left.
You didn't know any spells.
Your spell library contained the following spells:

 Spells                   Type           Power      Damage    Failure   Level
 Hailstorm                Conj/Ice       0%         3d5       69%         3
 Summon Ice Beast         Ice/Summ       0%         N/A       97%         4
 Simulacrum               Ice/Necr       0%         N/A       100%        6


Dungeon Overview and Level Annotations

Branches:
Dungeon (2/15)

Altars:


Innate Abilities, Weirdness & Mutations

You are a hulking beast.
Your limbs bulge with bestial killing power. (Slay +1)
You cannot wear most types of armour.
You are amphibious.
You can wear up to eight rings at the same time.
Your skin changes colour to match your surroundings (Stealth+).
Your rubbery body absorbs attacks. (AC +1, EV +1)
((You are camouflaged when in or above water. (Stealth+)))
You have tentacles for arms and can constrict up to eight enemies at once.


Message History

An adder and a rat come into view.
The adder hisses angrily.
A bat comes into view.
The bat moves out of view.
A ball python comes into view.
The ball python hisses angrily.
The rat squeaks loudly.
The ball python hisses angrily.
An adder comes into view.
The ball python moves out of view.
The adder bites you. The adder bites you but does no damage.
You miss the adder.
The adder hisses angrily.
You grab the adder. You constrict the adder. The ball python bites you.
The ball python grabs you. The ball python constricts you.
The ball python barely misses you. The adder misses you.
The ball python closely misses you. The ball python constricts you.
You tentacle-slap the ball python. Your grab misses the ball python.
The ball python is severely wounded.
You constrict the adder. The adder closely misses you.
A gnoll comes into view. It is wielding a +0 spear.
The adder barely misses you. The ball python barely misses you.
The ball python bites you. The ball python constricts you. The adder bites you.
You are poisoned.
The adder poisons you!
You escape the ball python's grasp.
You release your grip on the adder.
You feel sick. The adder attacks as it pursues you!
The adder barely misses you.
The ball python attacks as it pursues you!
The ball python bites you. The ball python grabs you.
The ball python constricts you. The adder bites you.
You are lethally poisoned!
The adder poisons you!
You escape the ball python's grasp.
* * * LOW HITPOINT WARNING * * *
You feel very sick. The adder bites you.
* * * LOW HITPOINT WARNING * * *
You are more poisoned.
The adder poisons you!
You die...

.#..# #..#. ..
....###....
#.. #...#...#
#... #.....#
..# ##r_.##
..###bSS..####
#.#.SS#...#.#
#....###....#
##.h## ##..##
##..###..##
#.###.)..##
#..##.....#
##.....####
#.....# #
#.....# ##
#.....###
####.
#.......# ....


You could see 2 adders, a bat, 2 ball pythons and a rat.

Vanquished Creatures
  A gnoll (D:1)
  An endoplasm (D:1)
  4 goblins
  A hobgoblin (D:1)
  4 kobolds
  A quokka (D:1)
  3 ball pythons
  2 bats (D:1)
  A frilled lizard (D:1)
18 creatures vanquished.

Notes
Turn   | Place    | Note
-------+----------+-------------------------------------------
     0 | D:1      | LeprechaunX the Octopode Shapeshifter began the quest for
                  | the Orb.
     0 | D:1      | Reached XP level 1. HP: 13/13 MP: 1/1
   117 | D:1      | Reached XP level 2. HP: 13/18 MP: 2/2
   471 | D:1      | Reached XP level 3. HP: 21/23 MP: 3/3
   812 | D:2      | Found a faded altar of an unknown god.
   821 | D:2      | Succumbed to an adder's poison

Illustrated notes

Levels and vault maps discovered:
D:1:      doesnt_arrival_eight_statues, layout_loops_cross
D:2:      layout_basic, nicolae_ecumenical_snake_handling

Action                     || total
---------------------------++-------
  Melee: Unarmed           ||    34
         Constrict         ||    10
         Tentacles         ||     5
   Stab: Sleeping          ||     2
 Armour: Skin              ||    21
  Dodge: Dodged            ||    18

Table legend: (Time is in decaauts)
 A = Elapsed time spent in this place.
 B = Non-inter-level travel time spent in this place.
 C = Inter-level travel time spent in this place.
 D = Time resting spent in this place.
 E = Time spent auto-exploring this place.
 F = Levels seen in this place.
 G = Mean time per level.
                   A        B        C        D        E       F      G
               +--------+--------+--------+--------+--------+-----+--------+
         Total |    818 |    802 |     16 |      0 |    687 |   2 |  409.0 |
       Dungeon |    818 |    802 |     16 |      0 |    687 |   2 |  409.0 |
               +--------+--------+--------+--------+--------+-----+--------+

Top non-repeatable levels by time:
     D:1: 620 daAuts
     D:2: 198 daAuts
